 Dungeon Crawl Stone Soup version 0.29.0-4-gdea44cf6ec (webtiles) character file.

Game seed: 10048940231304723888

5665 qw the Grappler (level 10, -12/94 HPs)
             Began as a Troll Cinder Acolyte on Sept 3, 2022.
             Was a Believer of Ignis.
             Mangled by a cyan ugly thing (17 damage)
             ... on level 8 of the Dungeon.
             The game lasted 00:03:49 (6964 turns).

qw the Grappler (Troll Cinder Acolyte)              Turns: 6964, Time: 00:03:49

Health: -12/94     AC: 11    Str: 34    XL:     10   Next: 47%
Magic:  10/10      EV:  8    Int: 13    God:    Ignis [**....]
Gold:   520        SH:  8    Dex:  5    Spells: 11/11 levels left

rFire   + + .      SeeInvis .     - Unarmed
rCold   . . .      Faith    .   q - +0 kite shield "Put-Me-On" {rPois rCorr Int+3}
rNeg    . . .      Spirit   .   a - +0 robe
rPois   +          Reflect  .   (helmet restricted)
rElec   .          Harm     .   (no cloak)
rCorr   +          Rampage  .   (gloves unavailable)
Will    .....                   (boots unavailable)
Stlth   +.........              (no amulet)
HPRegen 1.05/turn               j - +6 ring of strength
MPRegen 0.12/turn               d - ring of protection from fire

@: about to teleport, fiery-armoured
A: large, unfitting armour, claws 3, regeneration 1, shaggy fur 1, tough skin 1
a: Renounce Religion, Fiery Armour, Foxfire Swarm, Rising Flame


You were on level 8 of the Dungeon.
You worshipped Ignis.
Ignis was pleased with you.
You visited 1 branch of the dungeon, and saw 8 of its levels.

You collected 520 gold pieces.


Innate Abilities, Weirdness & Mutations

You are too large for most types of armour.
You have claws for hands.
Your natural rate of healing is unusually fast.
You are covered in fur. (AC +1)
You have tough skin. (AC +1)


   Skills:
 - Level 4.6 Fighting
 - Level 4.9 Throwing
 - Level 1.5 Dodging
 + Level 8.1 Shields
 - Level 11.0 Unarmed Combat
 - Level 1.0 Spellcasting
 - Level 2.1 Fire Magic


You had 11 spell levels left.
You didn't know any spells.
Your spell library contained the following spells:

 Spells                   Type           Power      Damage    Failure   Level
 Scorch                   Fire           12%        2d5       34%         2

Inventory:

Missiles
 e - a boomerang
 h - 7 large rocks (quivered)
Armour
 a - a +0 robe (worn)
 q - the +0 kite shield "Put-Me-On" (worn) {rPois rCorr Int+3}
   (You acquired it on level 6 of the Dungeon)

   Int:       It affects your intelligence (+3).
   rPois:     It protects you from poison.
   rCorr:     It protects you from acid and corrosion.
Jewellery
 d - a ring of protection from fire (right claw)
 f - a ring of positive energy
 i - a ring of poison resistance
 j - a +6 ring of strength (left claw)
 Y - a ring of willpower
Scrolls
 l - 3 scrolls of identify
 o - a scroll of teleportation
Potions
 b - 4 potions of curing
 c - a potion of lignification {unknown}
 n - a potion of cancellation
 p - a potion of haste

Dungeon Overview and Level Annotations

Branches:
Dungeon (8/15)             Temple (0/1) D:5
   Lair: D:8-11

Altars:
Ashenzari
Cheibriados
Dithmenos
Gozag
Hepliaklqana
Vehumet
Wu Jian
Yredelemnul

Shops:
D:5 (


Message History

The tengu warrior is burned by your cloak of flames.
The tengu warrior is moderately wounded.
You mangle the tengu warrior!!
The tengu warrior is almost dead.
The tengu warrior hits you with a +0 long sword!
The tengu warrior pecks you but does no damage.
The tengu warrior is burned by your cloak of flames.
The tengu warrior is almost dead.
The tengu warrior claws you but does no damage.
The tengu warrior is burned by your cloak of flames.
The tengu warrior is almost dead.
You miss the tengu warrior.
The tengu warrior is almost dead.
You block the tengu warrior's attack. The tengu warrior pecks you.
The tengu warrior is burned by your cloak of flames.
The tengu warrior is almost dead.
You block the tengu warrior's attack.
You mangle the tengu warrior!!
You kill the tengu warrior!
Your Throwing skill increases to level 4!
You claw the cyan ugly thing!
The cyan ugly thing is moderately wounded.
The cyan ugly thing gores you but does no damage.
The cyan ugly thing is burned by your cloak of flames.
The cyan ugly thing is moderately wounded.
You scratch the cyan ugly thing but do no damage.
The cyan ugly thing is moderately wounded.
You scratch the cyan ugly thing.
The cyan ugly thing is moderately wounded.
The cyan ugly thing gores you! The cyan ugly thing shocks you!
The cyan ugly thing is burned by your cloak of flames.
The cyan ugly thing is moderately wounded.
6963 ||| READING 2 scrolls of teleportation.
As you read the scroll of teleportation, it crumbles to dust.
You feel strangely unstable. You block the cyan ugly thing's attack.
You mangle the cyan ugly thing!!
The cyan ugly thing is almost dead.
The cyan ugly thing gores you. The cyan ugly thing shocks you!
You die...

##.## #'######
#... ##.##
##### #.###
#...# ..:###
#.# #
##)#####.##.#
...
#)##.##.##.##.#
#........))...#
#.##.##.##.##?#
# ##.#####)####
#[..# #.@.#
##### ##u## #o#
.H. #.# #.# ?(.
###


You could see a cyan ugly thing, a manticore and an orc wizard.

Vanquished Creatures
  A two-headed ogre (D:8)
  A tengu warrior (D:8)
  An ugly thing (D:8)
  Sigmund (D:2)
  A shadow (D:8)
  A wyvern (D:7)
  8 yaks
  A steam dragon (D:7)
  Duvessa (D:5)
  A water moccasin (D:7)
  2 sky beasts (D:7)
  An orc warrior (D:8)
  2 ice beasts (D:6)
  A black bear (D:4)
  An ogre (D:5)
  4 centaurs
  2 bullfrogs (D:8)
  A gnoll sergeant (D:5)
  2 scorpions
  Dowan (D:5)
  4 hounds
  2 gnoll boudas
  An orc priest (D:5)
  3 iguanas
  Terence (D:2)
  6 orc wizards
  13 gnolls
  14 adders
  A white imp (D:5)
  2 ufetubi
  A dart slug (D:5)
  A worm (D:5)
  22 orcs
  8 ball pythons
  9 bats
  4 endoplasms
  5 giant cockroaches
  4 hobgoblins
  9 jackals
  5 kobolds
  13 quokkas
  3 frilled lizards
  7 goblins
  6 rats
  A spectral hobgoblin (D:3)
179 creatures vanquished.

Vanquished Creatures (others)
  13 plants
13 creatures vanquished.

Grand Total: 192 creatures vanquished

Notes
Turn   | Place    | Note
-------+----------+-------------------------------------------
     0 | D:1      | qw the Troll Cinder Acolyte began the quest for the Orb.
     0 | D:1      | Reached XP level 1. HP: 22/22 MP: 1/1
     0 | D:1      | 0 ||| qw: Version: 0.1-a-102-g441f92d
     0 | D:1      | 0 ||| qw: Game counter: 5128
     0 | D:1      | 0 ||| qw: Always use a shield: true
     0 | D:1      | 0 ||| qw: God list: Okawaru
     0 | D:1      | 0 ||| qw: Allow faded altars: false
     0 | D:1      | 0 ||| qw: Do Orc after D:15 true
     0 | D:1      | 0 ||| qw: Do second Lair branch before Depths: true
     0 | D:1      | 0 ||| qw: Lair rune preference: random
     0 | D:1      | 0 ||| qw: Plans: Normal
     0 | D:1      | 0 ||| PLANNING D:1-11
   153 | D:1      | Reached XP level 2. HP: 29/29 MP: 2/2
   256 | D:1      | Found a faded altar of an unknown god.
   326 | D:1      | Reached skill level 4 in Unarmed Combat
   379 | D:1      | 379 ||| Stepping ~*~*~tactically~*~*~ (stealth).
   902 | D:1      | 902 ||| DROPPING orb of energy.
   903 | D:1      | 903 ||| UPGRADING to ring of willpower.
   904 | D:1      | 904 ||| READING scroll labelled XOWUQA DIMY.
   905 | D:1      | 905 ||| READING scroll labelled NEOKEA JUSHYNG.
   906 | D:1      | 906 ||| READING scroll labelled VUTYKK KIEKUQUFAM.
   907 | D:1      | 907 ||| READING scroll labelled RYUNUG VUKHAST.
   908 | D:1      | 908 ||| Stepping randomly (stuck).
   909 | D:1      | 909 ||| Stepping ~*~*~tactically~*~*~ (cloud).
   967 | D:2      | Reached XP level 3. HP: 36/36 MP: 3/3
  1032 | D:2      | 1032 ||| Stepping ~*~*~tactically~*~*~ (stealth).
  1092 | D:2      | 1092 ||| Stepping ~*~*~tactically~*~*~ (stealth).
  1114 | D:2      | 1114 ||| Stepping ~*~*~tactically~*~*~ (stealth).
  1163 | D:2      | 1163 ||| INVOKING Fiery Armour.
  1169 | D:2      | Reached XP level 4. HP: 38/44 MP: 4/4
  1172 | D:2      | Reached skill level 5 in Unarmed Combat
  1198 | D:2      | Noticed Sigmund
  1218 | D:2      | Killed Sigmund
  1219 | D:2      | Reached skill level 6 in Unarmed Combat
  1219 | D:2      | Reached XP level 5. HP: 50/50 MP: 5/5
  1410 | D:2      | 1410 ||| Stepping ~*~*~tactically~*~*~ (stealth).
  1411 | D:2      | 1411 ||| Stepping ~*~*~tactically~*~*~ (stealth).
  1414 | D:2      | 1414 ||| Stepping ~*~*~tactically~*~*~ (stealth).
  1415 | D:2      | 1415 ||| Stepping ~*~*~tactically~*~*~ (hiding).
  1422 | D:2      | 1422 ||| Stepping ~*~*~tactically~*~*~ (outnumbered).
  1424 | D:2      | 1424 ||| Stepping ~*~*~tactically~*~*~ (outnumbered).
  1425 | D:2      | 1425 ||| Stepping ~*~*~tactically~*~*~ (outnumbered).
  1426 | D:2      | 1426 ||| Stepping ~*~*~tactically~*~*~ (outnumbered).
  1427 | D:2      | 1427 ||| Stepping ~*~*~tactically~*~*~ (outnumbered).
  1430 | D:2      | Reached XP level 6. HP: 56/59 MP: 6/6
  1720 | D:2      | Noticed Terence
  1732 | D:2      | Killed Terence
  1733 | D:2      | Reached skill level 7 in Unarmed Combat
  2031 | D:2      | 2031 ||| UPGRADING to +0 kite shield.
  2036 | D:2      | 2036 ||| UPGRADING to ring of poison resistance.
  2037 | D:2      | 2037 ||| UPGRADING to +6 ring of strength.
  2039 | D:2      | 2039 ||| READING scroll labelled YPOHON MAGG.
  2040 | D:2      | 2040 ||| READING scroll labelled KOAX XUAGRIQE.
  2043 | D:2      | 2043 ||| DRINKING 2 dark potions.
  2356 | D:3      | 2356 ||| INVOKING Fiery Armour.
  2360 | D:3      | 2360 ||| Stepping ~*~*~tactically~*~*~ (outnumbered).
  2364 | D:3      | Reached skill level 1 in Shields
  2618 | D:3      | 2618 ||| Stepping ~*~*~tactically~*~*~ (stealth).
  2786 | D:3      | Found a hazy altar of Hepliaklqana.
  2927 | D:3      | 2927 ||| READING 2 scrolls labelled QAAKHL ZUEH VOIT.
  2928 | D:3      | 2928 ||| READING scroll labelled XUX KOITWUC.
  2929 | D:3      | 2929 ||| READING scroll labelled POGIEN EWAOCUO.
  2930 | D:3      | 2930 ||| DRINKING 2 bubbling orange potions.
  2931 | D:3      | 2931 ||| DROPPING scroll of fear.
  2963 | D:4      | Found a broken altar of Ashenzari.
  2964 | D:4      | 2964 ||| PLANNING SEWER
  2970 | D:4      | Found a shadowy altar of Dithmenos.
  2972 | D:4      | Found a radiant altar of Vehumet.
  2974 | D:4      | Found a basalt altar of Yredelemnul.
  2975 | D:4      | Found an opulent altar of Gozag.
  2976 | D:4      | Found a snail-covered altar of Cheibriados.
  3045 | D:4      | 3045 ||| Stepping ~*~*~tactically~*~*~ (stealth).
  3046 | D:4      | 3046 ||| Stepping ~*~*~tactically~*~*~ (stealth).
  3071 | D:4      | Reached skill level 3 in Shields
  3083 | D:4      | 3083 ||| FLEEEEING.
  3084 | D:4      | 3084 ||| FLEEEEING.
  3085 | D:4      | 3085 ||| FLEEEEING.
  3089 | D:4      | 3089 ||| FLEEEEING.
  3090 | D:4      | 3090 ||| FLEEEEING.
  3186 | D:4      | Reached XP level 7. HP: 62/66 MP: 7/7
  3258 | D:4      | You fall into a shaft and drop 1 floor!
  3258 | D:5      | Entered Level 5 of the Dungeon
  3336 | D:5      | 3336 ||| READING scroll labelled LILAGI VUKOIME.
  3337 | D:5      | 3337 ||| READING scroll labelled VEUSED VITTAPS.
  3421 | D:4      | 3421 ||| INVOKING Fiery Armour.
  3444 | D:4      | 3444 ||| Stepping ~*~*~tactically~*~*~ (hiding).
  3448 | D:4      | 3448 ||| Stepping ~*~*~tactically~*~*~ (hiding).
  3460 | D:4      | 3460 ||| Stepping ~*~*~tactically~*~*~ (stealth).
  3461 | D:4      | 3461 ||| Stepping ~*~*~tactically~*~*~ (stealth).
  3464 | D:4      | 3464 ||| Stepping ~*~*~tactically~*~*~ (outnumbered).
  3653 | D:4      | 3653 ||| RIP SEWER
  3729 | D:4      | 3729 ||| PLANNING D:1-11
  3915 | D:4      | 3915 ||| READING scroll labelled OSUEWN ELOHE.
  3916 | D:4      | 3916 ||| DRINKING 2 puce potions.
  3917 | D:4      | 3917 ||| READING 5 scrolls of identify.
  3917 | D:4      | 3917 ||| IDENTIFYING inky potion
  3918 | D:4      | 3918 ||| READING 4 scrolls of identify.
  3918 | D:4      | 3918 ||| IDENTIFYING coppery potion
  3919 | D:4      | 3919 ||| READING 3 scrolls of identify.
  3919 | D:4      | 3919 ||| IDENTIFYING metallic sapphire potion
  3920 | D:4      | 3920 ||| READING 2 scrolls of identify.
  3920 | D:4      | 3920 ||| IDENTIFYING golden potion
  3921 | D:4      | 3921 ||| DROPPING potion of degeneration.
  3922 | D:4      | 3922 ||| DROPPING potion of invisibility.
  3923 | D:4      | 3923 ||| DROPPING potion of magic.
  3924 | D:4      | 3924 ||| DROPPING potion of berserk rage.
  3982 | D:5      | 3982 ||| Stepping ~*~*~tactically~*~*~ (hiding).
  3984 | D:5      | 3984 ||| Stepping ~*~*~tactically~*~*~ (hiding).
  3986 | D:5      | 3986 ||| Stepping ~*~*~tactically~*~*~ (hiding).
  3987 | D:5      | 3987 ||| Stepping ~*~*~tactically~*~*~ (hiding).
  3998 | D:5      | 3998 ||| DRINKING 4 potions of curing.
  3998 | D:5      | 3998 ||| (to cure confusion)
  4067 | D:5      | 4067 ||| FLEEEEING.
  4068 | D:5      | 4068 ||| FLEEEEING.
  4113 | D:5      | Found a staircase to the Ecumenical Temple.
  4120 | D:5      | 4120 ||| Stepping ~*~*~tactically~*~*~ (stealth).
  4126 | D:5      | 4126 ||| Stepping ~*~*~tactically~*~*~ (hiding).
  4136 | D:5      | 4136 ||| FLEEEEING.
  4264 | D:5      | Reached skill level 1 in Throwing
  4337 | D:5      | Found an ornate altar of the Wu Jian Council.
  4407 | D:5      | Noticed Duvessa
  4410 | D:5      | Noticed Dowan
  4411 | D:5      | 4411 ||| INVOKING Fiery Armour.
  4417 | D:5      | Killed Duvessa
  4418 | D:5      | Reached XP level 8. HP: 62/74 MP: 8/8
  4425 | D:5      | Killed Dowan
  4441 | D:5      | Found Karir's Hydra Hut.
  4447 | D:5      | Noticed an eight-headed hydra
  4572 | D:5      | 4572 ||| READING scroll labelled KOFABL MAEL.
  4706 | D:6      | Reached skill level 6 in Shields
  4712 | D:6      | 4712 ||| Stepping ~*~*~tactically~*~*~ (hiding).
  4713 | D:6      | 4713 ||| Stepping ~*~*~tactically~*~*~ (hiding).
  4715 | D:6      | 4715 ||| Stepping ~*~*~tactically~*~*~ (hiding).
  4837 | D:6      | 4837 ||| Stepping ~*~*~tactically~*~*~ (hiding).
  4838 | D:6      | 4838 ||| Stepping ~*~*~tactically~*~*~ (hiding).
  4998 | D:6      | 4998 ||| Stepping ~*~*~tactically~*~*~ (hiding).
  5001 | D:6      | 5001 ||| Stepping ~*~*~tactically~*~*~ (hiding).
  5008 | D:6      | 5008 ||| Stepping ~*~*~tactically~*~*~ (outnumbered).
  5010 | D:6      | 5010 ||| Stepping ~*~*~tactically~*~*~ (outnumbered).
  5011 | D:6      | 5011 ||| Stepping ~*~*~tactically~*~*~ (outnumbered).
  5012 | D:6      | 5012 ||| Stepping ~*~*~tactically~*~*~ (outnumbered).
  5013 | D:6      | 5013 ||| Stepping ~*~*~tactically~*~*~ (outnumbered).
  5014 | D:6      | 5014 ||| Stepping ~*~*~tactically~*~*~ (outnumbered).
  5016 | D:6      | 5016 ||| Stepping ~*~*~tactically~*~*~ (outnumbered).
  5342 | D:6      | Reached skill level 8 in Unarmed Combat
  5508 | D:6      | 5508 ||| READING scroll labelled DERUZYA PAMU.
  5509 | D:6      | 5509 ||| READING scroll labelled VENNUA VIVUY.
  5509 | D:6      | Identified a scroll of acquirement
  5509 | D:6      | 5509 ||| ACQUIRING +0 kite shield "Put-Me-On" {rPois rCorr
                  | Int+3}
  5509 | D:6      | Acquired the +0 kite shield "Put-Me-On" {rPois rCorr Int+3}
  5511 | D:6      | 5511 ||| UPGRADING to +0 kite shield "Put-Me-On" {rPois
                  | rCorr Int+3}.
  5521 | D:6      | 5521 ||| REMOVING ring of poison resistance.
  5522 | D:6      | 5522 ||| DROPPING +0 kite shield.
  5523 | D:6      | 5523 ||| UPGRADING to ring of willpower.
  5524 | D:6      | 5524 ||| READING scroll labelled FEIVAST TE AKLO.
  5525 | D:6      | 5525 ||| DRINKING 2 murky purple potions.
  5526 | D:6      | 5526 ||| READING 2 scrolls of identify.
  5526 | D:6      | 5526 ||| IDENTIFYING cyan potion
  5527 | D:6      | 5527 ||| DROPPING potion of ambrosia.
  5528 | D:6      | 5528 ||| DROPPING potion of flight.
  5557 | D:7      | 5557 ||| Stepping ~*~*~tactically~*~*~ (stealth).
  5558 | D:7      | 5558 ||| Stepping ~*~*~tactically~*~*~ (stealth).
  5566 | D:7      | Reached skill level 3 in Fighting
  5576 | D:7      | 5576 ||| Stepping ~*~*~tactically~*~*~ (outnumbered).
  5585 | D:7      | 5585 ||| INVOKING Fiery Armour.
  5590 | D:7      | Reached skill level 3 in Throwing
  5700 | D:7      | 5700 ||| Stepping ~*~*~tactically~*~*~ (hiding).
  5727 | D:7      | 5727 ||| Stepping ~*~*~tactically~*~*~ (outnumbered).
  5728 | D:7      | 5728 ||| Stepping ~*~*~tactically~*~*~ (outnumbered).
  5729 | D:7      | 5729 ||| Stepping ~*~*~tactically~*~*~ (outnumbered).
  5730 | D:7      | 5730 ||| Stepping ~*~*~tactically~*~*~ (outnumbered).
  5733 | D:7      | 5733 ||| Stepping ~*~*~tactically~*~*~ (outnumbered).
  5736 | D:7      | 5736 ||| Stepping ~*~*~tactically~*~*~ (outnumbered).
  5737 | D:7      | 5737 ||| Stepping ~*~*~tactically~*~*~ (outnumbered).
  5739 | D:7      | 5739 ||| INVOKING Fiery Armour.
  5742 | D:7      | Reached XP level 9. HP: 28/81 MP: 9/9
  5745 | D:7      | Reached skill level 9 in Unarmed Combat
  5751 | D:7      | HP: 19/81 [yak (7)]
  5752 | D:7      | 5752 ||| READING 2 scrolls of teleportation.
  5752 | D:7      | HP: 8/81 [yak (12)]
  5753 | D:7      | 5753 ||| DRINKING potion of heal wounds.
  5782 | D:7      | 5782 ||| FLEEEEING.
  5783 | D:7      | 5783 ||| FLEEEEING.
  5784 | D:7      | 5784 ||| FLEEEEING.
  5786 | D:7      | 5786 ||| FLEEEEING.
  5787 | D:7      | 5787 ||| FLEEEEING.
  5789 | D:7      | 5789 ||| FLEEEEING.
  5790 | D:7      | 5790 ||| STAIRDANCE
  5817 | D:6      | 5817 ||| UPGRADING to ring of protection from fire.
  5877 | D:7      | 5877 ||| Stepping ~*~*~tactically~*~*~ (hiding).
  5889 | D:7      | Reached skill level 1 in Dodging
  5930 | D:7      | 5930 ||| Stepping ~*~*~tactically~*~*~ (hiding).
  5931 | D:7      | 5931 ||| Stepping ~*~*~tactically~*~*~ (hiding).
  5932 | D:7      | 5932 ||| Stepping ~*~*~tactically~*~*~ (hiding).
  6341 | D:7      | 6341 ||| Stepping ~*~*~tactically~*~*~ (hiding).
  6350 | D:7      | 6350 ||| Stepping ~*~*~tactically~*~*~ (outnumbered).
  6359 | D:7      | 6359 ||| INVOKING Fiery Armour.
  6485 | D:7      | Reached skill level 10 in Unarmed Combat
  6557 | D:7      | 6557 ||| READING 5 scrolls of identify.
  6557 | D:7      | 6557 ||| IDENTIFYING purple potion
  6558 | D:7      | 6558 ||| READING 4 scrolls of identify.
  6558 | D:7      | 6558 ||| IDENTIFYING viscous ruby potion
  6559 | D:7      | 6559 ||| DROPPING potion of brilliance.
  6618 | D:8      | 6618 ||| Stepping ~*~*~tactically~*~*~ (stealth).
  6624 | D:8      | 6624 ||| Stepping ~*~*~tactically~*~*~ (outnumbered).
  6732 | D:8      | 6732 ||| Stepping ~*~*~tactically~*~*~ (outnumbered).
  6733 | D:8      | 6733 ||| Stepping ~*~*~tactically~*~*~ (outnumbered).
  6736 | D:8      | 6736 ||| Stepping ~*~*~tactically~*~*~ (outnumbered).
  6804 | D:8      | Noticed a two-headed ogre
  6805 | D:8      | 6805 ||| INVOKING Fiery Armour.
  6807 | D:8      | 6807 ||| Stepping ~*~*~tactically~*~*~ (stealth).
  6811 | D:8      | Killed a two-headed ogre
  6812 | D:8      | Reached XP level 10. HP: 79/94 MP: 10/10
  6895 | D:8      | 6895 ||| Stepping ~*~*~tactically~*~*~ (hiding).
  6896 | D:8      | Noticed a purple ugly thing
  6903 | D:8      | Killed a purple ugly thing
  6908 | D:8      | Reached skill level 11 in Unarmed Combat
  6949 | D:8      | Noticed a tengu warrior
  6950 | D:8      | Noticed a cyan ugly thing
  6953 | D:8      | Noticed a manticore
  6956 | D:8      | 6956 ||| INVOKING Fiery Armour.
  6959 | D:8      | Killed a tengu warrior
  6962 | D:8      | HP: 23/94 [cyan ugly thing (11)]
  6962 | D:8      | HP: 6/94 [cyan ugly thing (17)]
  6963 | D:8      | 6963 ||| READING 2 scrolls of teleportation.
  6964 | D:8      | Mangled by a cyan ugly thing

Levels and vault maps discovered:
D:1:      matt_arrival_los_fun, layout_loops_ring, serial_bayou,
          serial_bayou_ford_a, serial_bayou_lagoon_a, serial_bayou_pond_e,
          serial_bayou_pond_b, hellmonk_ecumenical_altar_pennies_from_heaven,
          chequers_serial_rivers_large_b
D:2:      layout_basic, minivault_5, uniq_terence, uniq_sigmund
D:3:      layout_loops_corners, nicolae_hepliaklqana_monster_ancestors
D:4:      minmay_chambers_of_threes, layout_loops_ring, minitemple,
          portal_sewer_entry_f
D:5:      layout_basic, nicolae_wu_jian_wuxing_cycle,
          minmay_temple_entry_gardened_gates, doesnt_shop_hydraphobe,
          uniq_duvessa
D:6:      layout_basic, serial_rivers, chequers_serial_rivers_small_3,
          chequers_serial_rivers_large_a, chequers_serial_rivers_micro_d,
          chequers_serial_rivers_small_b
D:7:      layout_basic, st_stairs_12
D:8:      hangedman_cross_veins, layout_loops_ring

Skill      XL: |  1  2  3  4  5  6  7  8  9 10 |
---------------+-------------------------------+-----
Unarmed Combat | 4 6 7 8 10 11 | 11.0
Shields        | 3 5 6 8 |  8.1
Throwing       | 2 3 4 |  4.9
Fighting       | 3 4 |  4.6
Dodging        | 1 |  1.5
Spellcasting   | |  1.0
Fire Magic     | |  2.1

Action                   |  1- 3 |  4- 6 |  7- 9 | 10-12 || total
-------------------------+-------+-------+-------+-------++-------
Melee: Unarmed           |    90 |   110 |   298 |    36 ||   534
       Punch             |     3 |     3 |       |       ||     6
Throw: Large rock        |       |       |    27 |     3 ||    30
Invok: Fiery Armour      |     1 |     1 |     6 |     1 ||     9
  Use: Scroll            |     4 |     5 |    15 |     1 ||    25
       Potion            |       |     2 |     4 |       ||     6
Armor: Robe              |    40 |    26 |    69 |    15 ||   150
Dodge: Dodged            |    47 |    34 |    83 |     5 ||   169
Block: Kite shield       |       |     7 |    82 |    11 ||   100

Table legend:
 A = Non-vault XP
 B = Vault XP
 C = Vault XP percentage of total XP
 D = Non-vault monster count
 E = Vault monster count
 F = Vault count percentage of total count
                 A         B        C        D         E       F
            +---------+---------+-------+---------+---------+-------
      Total |    4318 |    3775 |  46.6 |     142 |      37 |  20.7
            +---------+---------+-------+---------+---------+-------
        D:1 |      32 |       5 |  13.5 |      18 |       3 |  14.3
        D:2 |     137 |     259 |  65.4 |      30 |       2 |   6.2
        D:3 |      83 |       3 |   3.5 |      16 |       2 |  11.1
        D:4 |     295 |     110 |  27.2 |      14 |      17 |  54.8
        D:5 |     422 |     225 |  34.8 |      18 |       2 |  10.0
        D:6 |     503 |       0 |   0.0 |      16 |       0 |   0.0
        D:7 |    2071 |     289 |  12.2 |      22 |       2 |   8.3
        D:8 |     775 |    2884 |  78.8 |       8 |       9 |  52.9
            +---------+---------+-------+---------+---------+-------
